 Dungeon Crawl Stone Soup version 0.32-a0-841-g4648e6c457 (webtiles) character file.

Game seed: 734549344666103216

952 BubbleThief the Ruffian (level 8, -3/52 HPs)
             Began as an Octopode Shapeshifter on Mar 27, 2024.
             Was a Follower of Wu Jian.
             Slain by a gnoll sergeant
             ... wielding a +0 spear
              (10 damage)
             ... on level 5 of the Dungeon.
             The game lasted 00:06:07 (4438 turns).

BubbleThief the Ruffian (Octopode Shapeshifter)     Turns: 4438, Time: 00:06:08

Health: -3/52      AC:  1    Str: 15    XL:     8   Next: 14%
Magic:  8/8        EV: 12    Int: 13    God:    Wu Jian [*.....]
Gold:   284        SH:  0    Dex: 11    Spells: 7/7 levels left

rFire   + .          .
                       - Unarmed
rCold   . . .        (no shield)
rNeg    . . .        (helmet currently unavailable)
rPois   .            (no amulet)
rElec   .            p - ring of see invisible
rCorr   .            y - ring of protection from fire
SInv    +            (no ring)
Will    .....        (no ring)
Stlth   ++           (no ring)
HPRegen 0.28/turn    (no ring)
MPRegen 0.11/turn    (no ring)
                     (no ring)

%: no passive effects
@: beast-form
A: beast (slay +3), almost no armour, amphibious, 8 rings, camouflage 1,
gelatinous body 1, (nimble swimmer 1), tentacles
a: Begin Untransformation, Renounce Religion


You were on level 5 of the Dungeon.
You worshipped Wu Jian.
Wu Jian was aware of your devotion.
You were a hulking beast.
You visited 1 branch of the dungeon, and saw 5 of its levels.

You collected 284 gold pieces.

Inventory:

Missiles
 w - a throwing net (quivered)
Armour
 q - a +2 cloak of stealth
Jewellery
 e - an amulet of faith
 p - a ring of see invisible (left tentacle)
 s - a ring of fire
 y - a ring of protection from fire (right tentacle)
Talismans
 b - a beast talisman (active)
 c - a flux talisman
Wands
 v - a wand of warping (6)
Scrolls
 d - 5 scrolls of teleportation {unknown}
 g - a scroll of immolation {unknown}
 h - a scroll of revelation {unknown}
 i - a scroll of vulnerability {unknown}
 m - 9 scrolls of identify {unknown}
 n - a scroll of fog {unknown}
 o - a scroll of summoning {unknown}
 t - a scroll of blinking {unknown}
 x - a scroll of brand weapon {unknown}
Potions
 a - a potion of lignification
 f - 2 potions of brilliance {unknown}
 j - a potion of invisibility {unknown}
 k - a potion of might {unknown}
 l - a potion of degeneration {unknown}
 r - a potion of haste {unknown}
 u - a potion of curing {unknown}
 z - a potion of enlightenment {unknown}


   Skills:
 + Level 3.1 Fighting
 - Level 2.0 Dodging
 + Level 6.7 Unarmed Combat
 + Level 6.2 Shapeshifting


You had 7 spell levels left.
You didn't know any spells.
Your spell library contained the following spells:

 Spells                   Type           Power      Damage    Failure   Level
 Magic Dart               Conj           0%         1d3       30%         1
 Blink                    Tloc           0%         N/A       43%         2
 Call Imp                 Summ           0%         N/A       43%         2
 Summon Lightning Spire   Summ/Air       0%         N/A       97%         4
 Lee's Rapid Deconstruct  Erth           0%         3d4*      100%        5
 Animate Armour           Summ/Erth      Unusable   N/A       N/A         4

Dungeon Overview and Level Annotations

Branches:
Dungeon (5/15)             Temple (0/1) D:5

Altars:
Gozag
Kikubaaqudgha
Okawaru
Qazlal
Wu Jian
Yredelemnul

Annotations:
D:5 1 transporter


Innate Abilities, Weirdness & Mutations

You are a hulking beast.
Your limbs bulge with bestial killing power. (Slay +3)
You cannot wear most types of armour.
You are amphibious.
You can wear up to eight rings at the same time.
Your skin changes colour to match your surroundings (Stealth+).
Your rubbery body absorbs attacks. (AC +1, EV +1)
((You are camouflaged when in or above water. (Stealth+)))
You have tentacles for arms and can constrict up to eight enemies at once.


Message History

The gnoll completely misses you.
The gnoll sergeant hits you from afar with a +0 spear.
Unknown command.
You tentacle-slap the gnoll. You grab the gnoll.
The gnoll is heavily wounded.
You constrict the gnoll.
You kill the gnoll!
The Council accepts your kill. The gnoll sergeant closely misses you.
Unknown command.
You closely miss the gnoll. Your grab misses the gnoll.
Your squeeze misses the gnoll. The gnoll sergeant closely misses you.
Unknown command.
You bludgeon the gnoll! You grab the gnoll.
The gnoll is heavily wounded.
You constrict the gnoll.
Unknown command.
You tentacle-slap the gnoll.
You kill the gnoll!
The Council accepts your kill.
The gnoll sergeant hits you from afar with a +0 spear!
Unknown command.
You lunge at the gnoll sergeant.
You tentacle-slap the gnoll sergeant. Your grab misses the gnoll sergeant.
The gnoll sergeant is lightly wounded.
The gnoll sergeant hits you with a +0 spear!
Things that are here:
a +0 flail; a gnoll corpse The gnoll sergeant blocks your attack.
You grab the gnoll sergeant. You squeeze the gnoll sergeant.
The gnoll sergeant is lightly wounded.
You constrict the gnoll sergeant.
The gnoll sergeant hits you with a +0 spear!
* * * LOW HITPOINT WARNING * * *
Unknown command.
You bludgeon the gnoll sergeant! The gnoll sergeant blocks your attack.
The gnoll sergeant is severely wounded.
You constrict the gnoll sergeant.
The gnoll sergeant hits you with a +0 spear!
You die...

#..........## #.#
#..#........# ..
##.....†....#
##........##
#.........#
##.........>
###..........
#####..#.........
#...h)...........
#..g##:........
##.)#..#.......
..#....##......
#....#### ###...
#. ..# #.. ##..##
##


You could see a gnoll sergeant.

Vanquished Creatures
  A black bear (D:5)
  An ogre (D:5)
  A bullfrog (D:3)
  A scorpion (D:5)
  2 bombardier beetles
  4 jellies
  Jessica (D:2)
  2 iguanas
  Natasha (twice) (D:2)
  2 orc wizards (D:5)
  Robin (D:3)
  9 gnolls
  7 adders
  4 dart slugs
  2 ribbon worms (D:3)
  9 orcs
  7 ball pythons
  5 bats
  7 endoplasms
  5 giant cockroaches
  3 hobgoblins
  6 jackals
  5 quokkas
  5 frilled lizards
  20 goblins
  6 kobolds
  6 rats
124 creatures vanquished.

Notes
Turn   | Place    | Note
-------+----------+-------------------------------------------
     0 | D:1      | BubbleThief the Octopode Shapeshifter began the quest for
                  | the Orb.
     0 | D:1      | Reached XP level 1. HP: 13/13 MP: 1/1
   125 | D:1      | Reached XP level 2. HP: 7/18 MP: 2/2
   212 | D:1      | Found a faded altar of an unknown god.
   936 | D:1      | Reached XP level 3. HP: 10/23 MP: 3/3
  1058 | D:2      | Reached XP level 4. HP: 28/28 MP: 4/4
  1386 | D:2      | Noticed Jessica
  1392 | D:2      | Killed Jessica
  1656 | D:2      | Noticed Natasha
  1662 | D:2      | Killed Natasha
  1663 | D:2      | Reached XP level 5. HP: 23/33 MP: 5/5
  1858 | D:2      | Noticed Natasha
  1866 | D:2      | Killed Natasha
  2410 | D:3      | Reached skill level 5 in Unarmed Combat
  2410 | D:3      | Reached XP level 6. HP: 37/38 MP: 6/6
  2833 | D:3      | Reached skill level 5 in Shapeshifting
  3146 | D:4      | Found an ornate altar of the Wu Jian Council.
  3175 | D:4      | Became a worshipper of the Wu Jian Council
  3179 | D:4      | Found an iron altar of Okawaru.
  3345 | D:4      | Noticed Robin
  3447 | D:3      | Killed Robin
  3566 | D:4      | Reached XP level 7. HP: 30/43 MP: 7/7
  3648 | D:4      | Found a basalt altar of Yredelemnul.
  3651 | D:4      | Found a stormy altar of Qazlal.
  3662 | D:4      | Found an ancient bone altar of Kikubaaqudgha.
  3663 | D:4      | Found an opulent altar of Gozag.
  3669 | D:4      | Reached * piety under Wu Jian
  3782 | D:4      | Identified the +1 ring mail of Pragmatism {Dex+5}
  4017 | D:5      | Entered Level 5 of the Dungeon
  4245 | D:5      | Found a transporter.
  4279 | D:5      | Found a staircase to the Ecumenical Temple.
  4352 | D:5      | Reached XP level 8. HP: 35/51 MP: 8/8
  4438 | D:5      | Slain by a gnoll sergeant

Illustrated notes

Levels and vault maps discovered:
D:1:      dpeg_arrival_stonehenge_8_columns, layout_basic,
          shapermc_ecumenical_altar_mp_urbaneastern
D:2:      layout_basic, serial_glass, glass_columns_c, glass_columns_a,
          nicolae_hexahallways, grunt_ministairs_1, uniq_natasha, uniq_jessica
D:3:      layout_basic, grunt_ministairs_2
D:4:      layout_loops_ring, grunt_temple_overflow_open, lemuel_doored_altar,
          uniq_robin
D:5:      gammafunk_cloud_chamber, layout_cave_pools,
          nemelex_spade_bored_becter, minmay_temple_entry_trees

Skill      XL: |  1  2  3  4  5  6  7  8 |
---------------+-------------------------+-----
Unarmed Combat | 4 5 6 |  6.7
Shapeshifting  | 4 5 6 |  6.2
Fighting       | 2 3 |  3.1
Dodging        | |  2.0

Action                     |  1- 3 |  4- 6 |  7- 9 || total
---------------------------+-------+-------+-------++-------
  Melee: Unarmed           |    47 |   117 |    50 ||   214
         Constrict         |    13 |    36 |    17 ||    66
         Tentacles         |     9 |    19 |    14 ||    42
         Punch             |       |     4 |     1 ||     5
Ability: Lunge             |       |     2 |     6 ||     8
   Stab: Sleeping          |     3 |    16 |     2 ||    21
 Armour: Skin              |    20 |    50 |    16 ||    86
  Dodge: Dodged            |    17 |    68 |    14 ||    99

Table legend: (Time is in decaauts)
 A = Elapsed time spent in this place.
 B = Non-inter-level travel time spent in this place.
 C = Inter-level travel time spent in this place.
 D = Time resting spent in this place.
 E = Time spent auto-exploring this place.
 F = Levels seen in this place.
 G = Mean time per level.
                   A        B        C        D        E       F      G
               +--------+--------+--------+--------+--------+-----+--------+
         Total |   4434 |   4271 |    163 |    247 |   3329 |   5 |  886.8 |
       Dungeon |   4434 |   4271 |    163 |    247 |   3329 |   5 |  886.8 |
               +--------+--------+--------+--------+--------+-----+--------+

Top non-repeatable levels by time:
     D:2: 1294 daAuts
     D:3: 1042 daAuts
     D:1: 987 daAuts
     D:4: 693 daAuts
     D:5: 416 daAuts
